 Dungeon Crawl Stone Soup version 0.27-a0-1325-g58a489ad9e (webtiles) character file.

Game seed: 8660868154869409598

3738 avis the Nimble (level 9, -1/50 HPs)
             Began as a Deep Elf Conjurer on June 24, 2021.
             Shot with a sling bullet by Joseph (4 damage)
             ... on level 7 of the Dungeon on June 25, 2021.
             The game lasted 00:55:41 (9523 turns).

avis the Nimble (Deep Elf Conjurer)                 Turns: 9523, Time: 00:55:42

Health: -1/50      AC: 13    Str:  4    XL:     9   Next: 93%
Magic:  11/24      EV: 14    Int: 27    God:
Gold:   48         SH:  0    Dex: 13    Spells: 9/26 levels left

rFire    . . .     SeeInvis +   a - +2 quarterstaff (chaos)
rCold    . . .     Faith    .   (shield currently unavailable)
rNeg     . . .     Spirit   .   A - +3 leather armour
rPois    +         Reflect  .   (no helmet)
rElec    .         Harm     .   t - +1 cloak {rPois}
rCorr    .         Rampage  .   (no gloves)
Will     .....                  (no boots)
Stlth    +++.......             (no amulet)
HPRegen  0.16/turn              m - ring of see invisible
MPRegen  0.19/turn              (no ring)

@: ice-armoured
A: no striking features
a: no special abilities


You were on level 7 of the Dungeon.
You visited 2 branches of the dungeon, and saw 8 of its levels.

You collected 290 gold pieces.
You spent 242 gold pieces at shops.

Inventory:

Hand Weapons
 a - a +2 quarterstaff of chaos (weapon)
 b - a +2 whip of flaming
Missiles
 n - 21 stones
 o - 11 bolts
 q - 5 boomerangs
 v - 18 arrows
Armour
 c - a +0 kite shield
 t - a +1 cloak of poison resistance (worn)
 A - a +3 leather armour (worn)
Jewellery
 m - a ring of see invisible (left hand)
 w - a ring of fire
Wands
 e - a wand of digging (1)
 y - a wand of flame (8)
Scrolls
 f - 3 scrolls of silence {unknown}
 j - 2 scrolls of teleportation
 l - a scroll of fear {unknown}
 r - a scroll of fog
 x - a scroll of magic mapping {unknown}
 C - a scroll of brand weapon {unknown}
Potions
 d - 2 potions of might
 g - a potion of resistance
 h - 2 potions of brilliance
 i - 6 potions of curing
 k - 2 potions of magic
 p - a potion of invisibility
 u - a potion of haste
 B - 2 potions of flight
 F - a potion of berserk rage


   Skills:
 - Level 3.0 Fighting
 + Level 9.8 Dodging
 - Level 5.0 Stealth
 + Level 9.1 Spellcasting
 + Level 8.4 Conjurations
 - Level 5.0 Hexes
 + Level 3.6 Ice Magic


You had 9 spell levels left.
You knew the following spells:

 Your Spells              Type           Power      Damage    Failure   Level
a - Magic Dart            Conj           100%       1d8       1%          1
c - Searing Ray           Conj           100%       3d7       1%          2
d - Dazzling Flash        Conj/Hex       96%        N/A       1%          3
f - Fulminant Prism       Conj/Hex       24%        3d13      5%          4
h - Hailstorm             Conj/Ice       44%        3d10      7%          4
o - Ozocubu's Armour      Ice            31%        N/A       6%          3

Your spell library contained the following spells:

 Spells                   Type           Power      Damage    Failure   Level
 Freeze                   Ice            100%       1d11      1%          1
 Frozen Ramparts          Ice            62%        1d8       6%          3
 Mephitic Cloud           Conj/Pois/Air  27%        N/A       8%          3
 Sting                    Tmut/Pois      48%        1d5       9%          1
 Poisonous Vapours        Pois/Air       24%        N/A       13%         2
 Iskenderun's Mystic Bla  Conj/Tloc      35%        2d8       14%         4
 Ignite Poison            Fire/Tmut/Pois 12%        N/A       26%         3
 Metabolic Englaciation   Hex/Ice        17%        N/A       36%         5
 Olgreb's Toxic Radiance  Pois           12%        N/A       63%         4


Dungeon Overview and Level Annotations

Branches:
Dungeon (7/15)             Temple (1/1) D:6

Altars:
Ashenzari
Elyvilon
Kikubaaqudgha
Makhleb
Nemelex Xobeh
Okawaru
Qazlal
Ru
Sif Muna
Trog
Uskayaw
Vehumet
Wu Jian
Yredelemnul
The Shining One

Shops:
D:1 *[![*   D:2 ?[:*   D:4 :

Annotations:
D:7 Joseph


Message History

You hear a croak.
Casting: Fulminant Prism (dangerous; 5% risk of failure)
Confirm with . or Enter, or press ? or * to list all spells.
A film of ice covers your body!
Joseph shoots a sling bullet.
The sling bullet hits you.
* * * LOW HITPOINT WARNING * * *
The sling bullet burns you.
* * * LOW HITPOINT WARNING * * *
The heat melts your icy armour.
You feel much better.
Joseph shoots a sling bullet.
The sling bullet completely misses you.
Casting: Ozocubu's Armour (dangerous; 6% risk of failure)
Confirm with . or Enter, or press ? or * to list all spells.
Aiming: Magic Dart (safe; 1% risk of failure)
Press: ? - help, Shift-Dir - straight line, f - Joseph
Aim: Joseph, wielding a +1 hunting sling of flaming, wearing a +0 ring mail and quivering sling bullets (heavily wounded, 100% to hit)
The magic dart hits Joseph but does no damage.
Joseph is heavily wounded.
Joseph shoots a sling bullet.
The sling bullet hits you! The sling bullet burns you.
The heat melts your icy armour.
Casting: Magic Dart (safe; 1% risk of failure)
Confirm with . or Enter, or press ? or * to list all spells.
Aiming: Magic Dart (safe; 1% risk of failure)
Press: ? - help, Shift-Dir - straight line, f/p - Joseph
Aim: Joseph, wielding a +1 hunting sling of flaming, wearing a +0 ring mail and quivering sling bullets (heavily wounded, 100% to hit)
The magic dart hits Joseph.
Joseph is severely wounded.
Joseph shoots a sling bullet.
The sling bullet barely misses you.
Casting: Magic Dart (safe; 1% risk of failure)
Confirm with . or Enter, or press ? or * to list all spells.
Aiming: Magic Dart (safe; 1% risk of failure)
Press: ? - help, Shift-Dir - straight line, f/p - Joseph
Aim: Joseph, wielding a +1 hunting sling of flaming, wearing a +0 ring mail and quivering sling bullets (severely wounded, 100% to hit)
The magic dart hits Joseph but does no damage.
Joseph is severely wounded.
Joseph shoots a sling bullet.
The sling bullet hits you!
* * * LOW HITPOINT WARNING * * *
The sling bullet burns you.
You die...

#############
#............
#........@...
#............
#.@..........
#............
##...##..###.
...##...######
..............+
..............#
..............#
############'###
..............#


You could see Joseph.

Vanquished Creatures
  Pikel (D:4)
  Grinder (D:5)
  A wyvern (D:5)
  Sigmund (D:5)
  Eustachio (D:6)
  2 water moccasins
  An orc warrior (D:7)
  2 black bears (D:6)
  A necrophage (D:5)
  2 ogres
  A centaur (D:7)
  A lemure (D:4)
  2 bullfrogs
  9 scorpions
  A water moccasin zombie (D:6)
  4 wights (D:6)
  2 vampire bats (D:3)
  2 howler monkeys
  3 jellies
  2 bullfrog zombies
  3 hounds
  5 orc priests
  A bullfrog skeleton (D:6)
  A centaur skeleton (D:6)
  Crazy Yiuf (D:3)
  Terence (D:3)
  2 iguanas (D:4)
  3 orc wizards
  A hound zombie (D:5)
  A howler monkey zombie (D:6)
  3 gnolls (D:6)
  4 adders
  An adder skeleton (D:4)
  2 worms
  4 dart slugs
  16 orcs
  2 bat skeletons (D:3)
  3 bat zombies (D:3)
  3 endoplasms
  3 giant cockroaches
  9 hobgoblins
  5 jackals
  2 quokkas
  A ball python (D:2)
  9 bats
  3 frilled lizards
  7 goblins
  4 kobolds
  2 rats (D:1)
142 creatures vanquished.

Vanquished Creatures (others)
  23 fulminant prisms
  A fungus (D:4)
  4 plants
28 creatures vanquished.

Grand Total: 170 creatures vanquished

Notes
Turn   | Place    | Note
-------+----------+-------------------------------------------
     0 | D:1      | avis the Deep Elf Conjurer began the quest for the Orb.
     0 | D:1      | Reached XP level 1. HP: 10/10 MP: 6/6
   375 | D:1      | Found Letat's General Store.
   434 | D:1      | Reached XP level 2. HP: 15/15 MP: 6/8
   454 | D:1      | Learned a level 2 spell: Searing Ray
   505 | D:1      | Found Toassyg's General Store.
   629 | D:1      | Found Xikh's Antique Armour Shoppe.
   708 | D:1      | Found Xudy's Distillery.
   805 | D:1      | Found Peussop's Antique Armour Boutique.
  1184 | D:2      | Found an ornate altar of the Wu Jian Council.
  1186 | D:2      | Found Soabb's Assorted Antiques.
  1424 | D:2      | Found Xagruna's Book Shoppe.
  1435 | D:2      | Noticed a golden eye
  1438 | D:2      | Found a faded altar of an unknown god.
  1445 | D:2      | Noticed a shining eye
  1486 | D:2      | Noticed a floating eye
  1502 | D:2      | Noticed a golden eye
  1528 | D:2      | Found Wahasischu's Magic Scroll Shoppe.
  1533 | D:2      | Reached XP level 3. HP: 19/19 MP: 4/9
  1626 | D:2      | Found Nouts's Antique Armour Boutique.
  1891 | D:1      | Bought a scroll of identify for 26 gold pieces
  1944 | D:1      | Bought a potion of curing for 33 gold pieces
  1962 | D:2      | Bought a scroll of noise for 10 gold pieces
  2236 | D:3      | Noticed Terence
  2242 | D:3      | Killed Terence
  2243 | D:3      | Reached XP level 4. HP: 24/24 MP: 5/11
  2428 | D:3      | Found an ancient bone altar of Kikubaaqudgha.
  2435 | D:3      | Reached skill level 5 in Conjurations
  2435 | D:3      | Reached XP level 5. HP: 24/28 MP: 1/13
  2705 | D:3      | Learned a level 3 spell: Dazzling Flash
  2710 | D:3      | Learned a level 4 spell: Fulminant Prism
  3189 | D:3      | Found a runed translucent door.
  3190 | D:3      | Noticed Crazy Yiuf
  3196 | D:3      | Killed Crazy Yiuf
  3545 | D:4      | Reached skill level 1 in Hexes
  3867 | D:4      | Reached XP level 6. HP: 22/32 MP: 4/15
  4089 | D:4      | Reached skill level 5 in Dodging
  4278 | D:4      | Reached skill level 5 in Spellcasting
  4408 | D:4      | Reached skill level 5 in Stealth
  4408 | D:4      | Reached XP level 7. HP: 36/36 MP: 7/16
  4897 | D:4      | Found a white marble altar of Elyvilon.
  5087 | D:4      | Found Uwotep's Book Shoppe.
  5142 | D:1      | Bought a potion of heal wounds for 55 gold pieces
  5142 | D:1      | Bought a potion of flight for 33 gold pieces
  5261 | D:5      | Entered Level 5 of the Dungeon
  5261 | D:5      | Noticed Pikel
  5437 | D:4      | Killed Pikel
  5438 | D:4      | Reached XP level 8. HP: 26/41 MP: 8/19
  5607 | D:5      | Noticed Sigmund
  5616 | D:5      | Killed Sigmund
  5617 | D:5      | Reached skill level 5 in Hexes
  5709 | D:5      | Found a stormy altar of Qazlal.
  5798 | D:5      | Found a shimmering blue altar of Sif Muna.
  6105 | D:5      | Reached skill level 1 in Fighting
  6484 | D:5      | Noticed Grinder
  6490 | D:5      | Paralysed by Grinder for 4 turns
  6496 | D:5      | Killed Grinder
  6497 | D:5      | Reached XP level 9. HP: 11/48 MP: 14/22
  6811 | D:2      | Bought a scroll of amnesia for 35 gold pieces
  7033 | D:6      | Learned a level 4 spell: Hailstorm
  7229 | D:6      | Found a staircase to the Ecumenical Temple.
  7237 | Temple   | Entered the Ecumenical Temple
  7497 | D:2      | Bought a scroll of teleportation for 30 gold pieces
  7582 | D:6      | Noticed Eustachio
  7590 | D:6      | Killed Eustachio
  7591 | D:6      | Reached skill level 1 in Ice Magic
  7642 | D:6      | Learned a level 3 spell: Ozocubu's Armour
  7893 | D:6      | Found a bloodstained altar of Trog.
  8487 | D:2      | Bought a scroll of fog for 20 gold pieces
  9512 | D:7      | Noticed Joseph
  9523 | D:7      | Shot with a sling bullet by Joseph

Illustrated notes

Levels and vault maps discovered:
D:1:      erik_arrival_cave_to_civilisation [erik_arrival_cave_to_hall],
          layout_basic, serial_shops, nicolae_shop_competitors_out_of_business,
          nicolae_shop_behind_doors, nicolae_shop_behind_doors, shop,
          nicolae_diamond_shop
D:2:      layout_basic, hellmonk_ecumenical_altar_watching_god, basic_altar,
          serial_shops, shop, shop, nicolae_shop_window_shopping,
          nicolae_shop_overgrown_old_shop
D:3:      layout_loops_ring, kennysheep_vampire_church, uniq_terence,
          uniq_crazy_yiuf_cottage
D:4:      old_forge, layout_basic, lemuel_tele_altar, serial_shops,
          kennysheep_mini
D:5:      layout_rooms, nicolae_qazlal_scattered_showers,
          general_overflow_altar, serial_bayou_pond_d, uniq_grinder, uniq_pikel,
          uniq_sigmund
D:6:      layout_basic, trog_ov_bears_minmay, minmay_temple_entry_mini_moons,
          uniq_eustachio
D:7:      layout_gridville, nicolae_overflow_hidden_temple, minivault_24,
          uniq_joseph
Temple:   compressed_dpeg_circular_temple

Skill      XL: |  1  2  3  4  5  6  7  8  9 |
---------------+----------------------------+-----
Dodging        | 3 4 5 7 8 9 |  9.8
Stealth        | 3 4 5 |  5.0
Spellcasting   | 4 5 6 7 9 |  9.1
Conjurations   | 5 6 7 8 |  8.4
Hexes          | 1 2 4 5 |  5.0
Fighting       | 1 3 |  3.0
Ice Magic      | 3 |  3.6

Action                   |  1- 3 |  4- 6 |  7- 9 || total
-------------------------+-------+-------+-------++-------
Melee: Quarterstaff      |       |       |    16 ||    16
 Cast: Magic Dart        |    54 |    46 |    60 ||   160
       Searing Ray       |     3 |    24 |    31 ||    58
       Dazzling Flash    |       |       |     2 ||     2
       Fulminant Prism   |       |       |    23 ||    23
       Hailstorm         |       |       |     2 ||     2
       Ozocubu's Armour  |       |       |     1 ||     1
  Use: Scroll            |       |       |     8 ||     8
       Potion            |       |       |     1 ||     1
Armor: Robe              |       |     5 |     1 ||     6
       Leather armour    |       |       |    13 ||    13
Dodge: Dodged            |     1 |     6 |    44 ||    51

Table legend: (Time is in decaauts)
 A = Elapsed time spent in this place.
 B = Non-inter-level travel time spent in this place.
 C = Inter-level travel time spent in this place.
 D = Time resting spent in this place.
 E = Time spent auto-exploring this place.
 F = Levels seen in this place.
 G = Mean time per level.
                   A        B        C        D        E       F      G
               +--------+--------+--------+--------+--------+-----+--------+
         Total |   9557 |   8161 |   1396 |   3269 |   3483 |   8 | 1194.6 |
       Dungeon |   9445 |   8050 |   1395 |   3269 |   3408 |   7 | 1349.3 |
        Temple |    112 |    111 |      1 |      0 |     75 |   1 |  112.0 |
               +--------+--------+--------+--------+--------+-----+--------+

Top non-repeatable levels by time:
     D:4: 2139 daAuts
     D:3: 1604 daAuts
     D:5: 1368 daAuts
     D:1: 1352 daAuts
     D:6: 1279 daAuts
     D:7: 861 daAuts
     D:2: 840 daAuts
  Temple: 112 daAuts
